 Dungeon Crawl Stone Soup version 0.30-a0-626-gd6a5dd7a1f (webtiles) character file.

Game seed: 7439378691098090326

105 bande the Covered (level 4, 0/29 HPs)
             Began as a Gargoyle Fighter on Jan 12, 2023.
             Slain by a gnoll
             ... wielding a +0 halberd
              (7 damage)
             ... on level 4 of the Dungeon.
             The game lasted 00:03:45 (2749 turns).

bande the Covered (Gargoyle Fighter)                Turns: 2749, Time: 00:03:46

Health: 0/29       AC: 14    Str: 19    XL:     4   Next: 83%
Magic:  0/4        EV:  7    Int:  9    God:
Gold:   88         SH:  4    Dex: 11    Spells: 3/3 levels left

rFire   + . .      SeeInvis .    a - +0 war axe
rCold   . . .      Faith    .    c - +0 buckler
rNeg    + . .      Spirit   +    l - +0 chain mail
rPois   ∞          Reflect  .    m - +0 helmet
rElec   +          Harm     .    (no cloak)
rCorr   .          Rampage  .    (no gloves)
Will    .....                    (no boots) Stlth
                                 i - amulet of guardian spirit
HPRegen 0.24/turn                e - ring of protection from fire
MPRegen 0.09/turn                (no ring)

@: flying
A: sickness immunity, AC +3, negative energy resistance 1, electricity
resistance, torment resistance 1, petrification resistance
a: no special abilities


You were on level 4 of the Dungeon.
You visited 1 branch of the dungeon, and saw 4 of its levels.

You collected 88 gold pieces.

Inventory:

Hand Weapons
 a - a +0 war axe (weapon)
Missiles
 d - a throwing net (quivered)
Armour
 c - a +0 buckler (worn)
 l - a +0 chain mail (worn)
 m - a +0 helmet (worn)
Jewellery
 e - a ring of protection from fire (left hand)
 h - an amulet of regeneration
 i - an amulet of guardian spirit (around neck)
Wands
 f - a wand of acid (7)
Scrolls
 j - a scroll of identify
 n - a scroll of amnesia {unknown}
Potions
 b - a potion of haste {unknown}
 k - a potion of flight
 o - a potion of heal wounds {unknown}
 p - a potion of invisibility {unknown}
 q - a potion of lignification {unknown}


   Skills:
 + Level 4.0 Fighting
 + Level 2.8 Axes
 + Level 4.2 Armour
 + Level 3.6 Shields
 * Level 0.5 Evocations


You had 3 spell levels left.
You didn't know any spells.
Your spell library contained the following spells:

 Spells                   Type           Power      Damage    Failure   Level
 Sandblast                Erth           0%         2d4       99%         1
 Passwall                 Tmut/Erth      0%         N/A       100%        2
 Stone Arrow              Conj/Erth      0%         3d7       100%        3


Dungeon Overview and Level Annotations

Branches:
Dungeon (4/15)
 Temple: D:4-7

Altars:

Shops:
D:1 [


Innate Abilities, Weirdness & Mutations

You are immune to sickness and miasma.
Your stone body is resilient. (AC +3)
You are immune to poison.
You resist negative energy. (rN+)
You are resistant to electric shocks. (rElec)
You are resistant to unholy torment.
You are immune to petrification.


Message History

The gnoll throws a throwing net.
The throwing net hits you.
You become entangled in the net!
The gnoll hits you but does no damage.
A gnoll comes into view. It is wielding a +0 flail.
You are held in a net!
You are held in a net!
You are held in a net!
You are held in a net!
You are held in a net!
You are held in a net!
You are held in a net!
You are held in a net!
You are held in a net!
Unknown command.
You struggle against the net.
The gnoll shouts!
The gnoll hits you but does no damage. x2
You struggle against the net.
The gnoll hits you but does no damage. x2
Unknown command.
You struggle against the net.
The gnoll hits you with a +0 halberd. The gnoll hits you but does no damage.
The gnoll hits you from afar with a +0 spear.
* * * LOW HITPOINT WARNING * * *
Unknown command.
You struggle against the net.
The gnoll hits you with a +0 halberd.
* * * LOW HITPOINT WARNING * * *
The gnoll hits you but does no damage. x2
You struggle against the net.
The gnoll hits you but does no damage. x2
The gnoll hits you from afar with a +0 spear.
* * * LOW HITPOINT WARNING * * *
Unknown command.
You rip the net and break free!
The gnoll barely misses you.
The gnoll hits you but does no damage. x2
You feel better.
The gnoll hits you from afar with a +0 spear.
* * * LOW HITPOINT WARNING * * *
The gnoll hits you but does no damage. x2; The gnoll barely misses you.
It was a potion of flight.
You feel very buoyant.
You fly up into the air.
The gnoll hits you with a +0 halberd!
You die... ..#.....# # .#.(...# .. ......# # #. .....#.# #.#....#.# # ..g>... .##. #ggg#

.....##@#
##....#####
+.........##
########...###
##....#####.#
#...........#
#...#.#########
#...#..#.......
#(..##.........


You could see 4 gnolls.

Vanquished Creatures
  Ijyb (D:3)
  3 gnolls (D:4)
  An adder (D:4)
  A dart slug (D:3)
  An orc (D:3)
  5 ball pythons
  6 endoplasms
  4 giant cockroaches
  2 goblins
  4 hobgoblins
  2 kobolds
  2 quokkas
  3 bats
  3 frilled lizards
  2 rats (D:1)
40 creatures vanquished.

Vanquished Creatures (others)
  3 plants (D:4)
3 creatures vanquished.

Grand Total: 43 creatures vanquished

Notes
Turn   | Place    | Note
-------+----------+-------------------------------------------
     0 | D:1      | bande the Gargoyle Fighter began the quest for the Orb.
     0 | D:1      | Reached XP level 1. HP: 14/14 MP: 1/1
   151 | D:1      | Found Goriham's Antique Armour Shoppe.
   438 | D:1      | Noticed a golden eye
   441 | D:1      | Found a faded altar of an unknown god.
   443 | D:1      | Noticed a floating eye
   443 | D:1      | Noticed a floating eye
   443 | D:1      | Noticed an eye of devastation
   574 | D:1      | Reached XP level 2. HP: 19/19 MP: 2/2
  1315 | D:3      | Reached XP level 3. HP: 21/24 MP: 3/3
  1531 | D:3      | Noticed Ijyb
  1540 | D:3      | Killed Ijyb
  1843 | D:3      | Reached XP level 4. HP: 29/29 MP: 4/4
  2749 | D:4      | Slain by a gnoll

Illustrated notes

Levels and vault maps discovered:
D:1:      saegor_arrival_under_anarchy, layout_loops_ring, serial_shops,
          nicolae_shop_waterfront, hellmonk_ecumenical_altar_watching_god,
          nrook_mini_vaults
D:2:      layout_basic
D:3:      layout_basic, uniq_ijyb
D:4:      layout_basic, nicolae_grassy_gnolls, uniq_blork_the_orc

Skill      XL: |  1  2  3  4 |
---------------+-------------+-----
Axes           | 2 |  2.8
Armour         | 4 |  4.2
Fighting       | 4 |  4.0
Shields        | |  3.6
Evocations     | |  0.5

Action                   |  1- 3 |  4- 6 || total
-------------------------+-------+-------++-------
Melee: War axe           |    78 |    29 ||   107
  Use: Scroll            |     3 |       ||     3
       Potion            |     1 |     5 ||     6
Armor: Scale mail        |    36 |       ||    36
       Chain mail        |    22 |    46 ||    68
Dodge: Dodged            |    39 |    25 ||    64
Block: Buckler           |    14 |     9 ||    23

Table legend: (Time is in decaauts)
 A = Elapsed time spent in this place.
 B = Non-inter-level travel time spent in this place.
 C = Inter-level travel time spent in this place.
 D = Time resting spent in this place.
 E = Time spent auto-exploring this place.
 F = Levels seen in this place.
 G = Mean time per level.
                   A        B        C        D        E       F      G
               +--------+--------+--------+--------+--------+-----+--------+
         Total |   2796 |   2640 |    156 |    253 |   1993 |   4 |  699.0 |
       Dungeon |   2796 |   2640 |    156 |    253 |   1993 |   4 |  699.0 |
               +--------+--------+--------+--------+--------+-----+--------+

Top non-repeatable levels by time:
     D:3: 989 daAuts
     D:1: 778 daAuts
     D:4: 540 daAuts
     D:2: 488 daAuts
